 Dungeon Crawl Stone Soup version 0.23.2-1-ga50397a6bc (webtiles) character file.

Game seed: 18142236731561662765

109 Kobolds4U the Slasher (level 4, -3/35 HPs)
             Began as a Demonspawn Berserker on Apr 23, 2019.
             Was a Believer of Trog.
             Slain by an orc
             ... wielding a +0 mace
              (9 damage)
             ... on level 3 of the Dungeon.
             The game lasted 00:04:37 (2126 turns).

Kobolds4U the Slasher (Demonspawn Berserker)        Turns: 2126, Time: 00:04:37

Health: -3/35      AC:  4    Str: 17    XL:     4   Next: 59%
Magic:  4/4        EV: 12    Int:  9    God:    Trog [**....]
Gold:   167        SH:  0    Dex: 13    Spells: 3/3 levels left

rFire    . . .     SeeInvis .   a - +0 falchion
rCold    . . .     Gourm    .   (no shield)
rNeg     . . .     Faith    .   k - +0 leather armour
rPois    .         Spirit   .   (no helmet)
rElec    .         Reflect  .   h - +0 cloak
rCorr    .         Harm     .   (no gloves)
MR       .....                  (no boots)
Stlth    +.........             (no amulet)
HPRegen  0.11/turn              (no ring)
MPRegen  0.09/turn              (no ring)

@: no status effects
A: powered by death 1
a: Berserk, Trog's Hand, Renounce Religion


You were on level 3 of the Dungeon.
You worshipped Trog.
Trog was pleased with you.
You were not hungry.

You visited 1 branch of the dungeon, and saw 4 of its levels.

You collected 167 gold pieces.

Inventory:

Hand Weapons
 a - a +0 falchion (weapon)
Missiles
 f - 6 poisoned javelins (quivered)
 s - 7 javelins
Armour
 h - a +0 cloak (worn)
 k - a +0 leather armour (worn)
Jewellery
 q - an uncursed amulet of guardian spirit {unknown}
Scrolls
 e - 4 scrolls of identify {unknown}
 i - 2 scrolls of enchant armour {unknown}
 l - a scroll of blinking {unknown}
 m - a scroll of teleportation {unknown}
 p - 2 scrolls of enchant weapon {unknown}
 r - a scroll of remove curse {unknown}
Potions
 b - a potion of brilliance {unknown}
 d - a potion of degeneration {unknown}
 g - 3 potions of curing {unknown}
 j - 2 potions of lignification {unknown}
 n - a potion of cancellation {unknown}
 o - a potion of might {unknown}
Comestibles
 c - 3 rations


   Skills:
 - Level 3.0 Fighting
 * Level 4.3 Long Blades
 + Level 2.8 Armour
 - Level 1.7 Dodging


You had 3 spell levels left.
You didn't know any spells.
Your spell library was empty.

Dungeon Overview and Level Annotations

Branches:
Dungeon (4/15)
 Temple: D:4-7

Altars:
Okawaru


Innate Abilities, Weirdness & Mutations

You regenerate a little health from kills.


Message History

You are too injured to fight recklessly!
You are too injured to fight recklessly!
You are too injured to fight recklessly!
You are too injured to fight recklessly!
You are too injured to fight recklessly!
You are too injured to fight recklessly!
You are too injured to fight recklessly!
You are too injured to fight recklessly!
You closely miss the orc wizard.
The orc wizard is heavily wounded.
The orc wizard barely misses you. The orc hits you but does no damage.
The orc wizard gestures wildly while chanting.
The orc wizard blinks!
The orc wizard gestures at you while chanting.
The magic dart hits you!
* * * LOW HITPOINT WARNING * * *
You hit the orc.
The orc is heavily wounded.
The orc hits you with a +0 mace!
You die...

#.#.........#...##....# #.#.
##.#.###.#####...##....# #.#.
.................##....# #.#.
........######.#..#....#######.#.
........# #..#.#..........#.#.
........# ##...+............#.
........#######...#..........####
.............................#
................@o...........#
.............................#
####.#............>###.#######
#.#...........### #.#
#.#.......o...# #.#
#.#...........# #.#
#.#...........# #.#
#.#..........[# #.###
#.#...........# #...#


You could see an orc wizard and an orc.

Vanquished Creatures
  4 adders
  A worm (D:2)
  3 dart slugs
  2 leopard geckos (D:1)
  2 orcs
  2 giant cockroaches (D:1)
  7 goblins
  11 hobgoblins
  4 jackals (D:1)
  5 kobolds
  5 bats
  4 frilled lizards
  8 rats
58 creatures vanquished.

Notes
Turn   | Place    | Note
-------+----------+-------------------------------------------
     0 | D:1      | Kobolds4U the Demonspawn Berserker began the quest for the
                  | Orb.
     0 | D:1      | Reached XP level 1. HP: 18/18 MP: 1/1
    71 | D:1      | Reached skill level 3 in Long Blades
    77 | D:1      | Gained mutation: You regenerate a little health from kills.
                  | [demonic ancestry]
    77 | D:1      | Reached XP level 2. HP: 11/24 MP: 2/2
   428 | D:1      | Reached XP level 3. HP: 28/29 MP: 3/3
   628 | D:1      | You fall through a shaft!
  1071 | D:2      | Reached ** piety under Trog
  1090 | D:2      | Reached skill level 4 in Long Blades
  1090 | D:2      | Reached XP level 4. HP: 35/35 MP: 4/4
  1124 | D:2      | Found an iron altar of Okawaru.
  2126 | D:3      | Slain by an orc

Skill      XL: |  1  2  3 |
---------------+----------+-----
Long Blades    | 3 4 |  4.3
Armour         | 2 |  2.8
Fighting       | |  3.0
Dodging        | |  1.7

Action                   |  1- 3 |  4- 6 || total
-------------------------+-------+-------++-------
Melee: Falchion          |   101 |    64 ||   165
  Eat: Chunk             |     1 |     3 ||     4
Armor: Animal skin       |    26 |       ||    26
       Leather armour    |     7 |    13 ||    20
Dodge: Dodged            |   106 |    46 ||   152
       Rpst.: Falchion   |    31 |    12 ||    43
